 Dungeon Crawl Stone Soup version 0.23.2-33-g5129a83184 (webtiles) character file.

Game seed: 6030079061762316282

25 Descartes the Sneak (level 2, -10/12 HPs)
             Began as a Felid Wanderer on Aug 2, 2019.
             Mangled by a gnoll
             ... wielding a +0 halberd
              (13 damage)
             ... on level 1 of the Dungeon.
             The game lasted 00:02:18 (544 turns).

Descartes the Sneak (Felid Wanderer)                 Turns: 544, Time: 00:02:18

Health: -10/12     AC:  1    Str:  6    XL:     2   Next: 82%
Magic:  4/4        EV: 16    Int: 12    God:
Gold:   17         SH:  0    Dex: 18    Spells: 1/3 levels left
                                        Lives:  0   Deaths: 0

rFire    . . .     SeeInvis +     - Unarmed
rCold    . . .     Gourm    .   (shield unavailable)
rNeg     . . .     Faith    .   (armour unavailable)
rPois    .         Spirit   .   (helmet unavailable)
rElec    .         Reflect  .   (cloak unavailable)
rCorr    .         Harm     .   (gloves unavailable)
MR       .....                  (boots unavailable)
Stlth    +++.......             (no amulet)
HPRegen  0.04/turn              (no ring)
MPRegen  0.09/turn              (no ring)

@: quick
A: very small, no armour, no weapons or thrown items, stealth, claws 1, fangs 3,
see invisible, carnivore, speed 1, shaggy fur 1, slow metabolism 1, sharp paws
a: no special abilities


You were on level 1 of the Dungeon.
You were completely stuffed.

You visited 1 branch of the dungeon, and saw 1 of its levels.

You collected 17 gold pieces.

Inventory:

Missiles
 g - 25 arrows
Scrolls
 b - a scroll of remove curse {unknown}
 c - a scroll of enchant armour {unknown}
 e - a scroll of identify {unknown}
 f - a scroll of immolation {unknown}
Potions
 a - a potion of berserk rage
Comestibles
 d - 2 rations


   Skills:
 + Level 1.2 Fighting
 + Level 1.0 Dodging
 * Level 4.6 Stealth
 + Level 3.1 Unarmed Combat
 + Level 1.2 Spellcasting
   Level 1.5 Hexes
 + Level 1.0 Charms
 + Level 0.4 Translocations
   Level 1.0 Ice Magic


You had one spell level left.
You knew the following spells:

 Your Spells              Type           Power        Failure   Level  Hunger
a - Infusion              Chrm           #...         21%         1    ##.....
b - Apportation           Tloc           #.....       26%         1    ##.....

Your spell library contained the following spells:

 Spells                   Type           Power        Failure   Level  Hunger
 Ozocubu's Armour         Chrm/Ice       #.......     52%         3    ####...
 Lesser Beckoning         Tloc           #.........   58%         3    ####...


Dungeon Overview and Level Annotations

Branches:
Dungeon (1/15)

Altars:


Innate Abilities, Weirdness & Mutations

You cannot wear armour.
You are incapable of wielding weapons or throwing items.
Your paws allow you to move quietly. (Stealth)
You have sharp claws.
You have razor-sharp teeth.
You have supernaturally acute eyesight. (SInv)
You are carnivorous and can eat meat at any time.
You cover ground quickly.
You are covered in fur. (AC +1)
You have a slow metabolism.
Your sharp claws are effective at attacking unaware monsters.


Message History

This raw flesh tastes great.
Eating one of 3 chunks of flesh.
You eat one of the 3 chunks of flesh.
This raw flesh tastes great.
Eating one of 2 chunks of flesh.
You eat one of the 2 chunks of flesh.
This raw flesh tastes great.
Eating a chunk of flesh.
You eat the chunk of flesh.
This raw flesh tastes great.
You now have 17 gold pieces (gained 10).
A gnoll comes into view. It is wielding a +0 halberd.
A gnoll is nearby!
A goblin comes into view. It is wielding a +0 dagger.
The gnoll shouts!
The gnoll hits you from afar with a +0 halberd!
Ouch! That really hurt!
* * * LOW HITPOINT WARNING * * *
You are too injured to fight recklessly!
You are too injured to fight recklessly!
You closely miss the gnoll. The gnoll hits you with a +0 halberd!
Ouch! That really hurt!
You die...

.....................#
........>............#
.###.................#
...........#.........#
.....)...............###
#.............?.........#
......................!.#
........................#
................@.......#
................g.#######
.....#..............
..... >...[#######g## ##
.# .# .. #


You could see a gnoll and a goblin (wandering).

Vanquished Creatures
  An ooze (D:1)
  A leopard gecko (D:1)
  3 bats (D:1)
  2 giant cockroaches (D:1)
  3 goblins (D:1)
  2 hobgoblins (D:1)
  A kobold (D:1)
  2 frilled lizards (D:1)
  2 rats (D:1)
17 creatures vanquished.

Notes
Turn   | Place    | Note
-------+----------+-------------------------------------------
     0 | D:1      | Descartes the Felid Wanderer began the quest for the Orb.
     0 | D:1      | Descartes set off with the following items: a potion of
                  | berserk rage, a ration; and the following spells available
                  | to memorise: Apportation, Infusion, Ozocubu's Armour,
                  | Lesser Beckoning
     0 | D:1      | Reached XP level 1. HP: 9/9 MP: 3/3
     2 | D:1      | Learned a level 1 spell: Infusion
    55 | D:1      | Reached XP level 2. HP: 12/12 MP: 4/4
    69 | D:1      | Learned a level 1 spell: Apportation
   487 | D:1      | Reached skill level 1 in Dodging
   493 | D:1      | Reached skill level 1 in Charms
   544 | D:1      | Mangled by a gnoll

Skill      XL: |  1  2 |
---------------+-------+-----
Dodging        | 1 |  1.0
Charms         | 1 |  1.0
Fighting       | |  1.2
Stealth        | |  4.6
Unarmed Combat | |  3.1
Spellcasting   | |  1.2
Hexes          | |  1.5
Translocations | |  0.4
Ice Magic      | |  1.0

Action                   || total
-------------------------++-------
Melee: Unarmed           ||    44
       Bite              ||     2
       Punch             ||     1
 Stab: Sleeping          ||     6
  Eat: Chunk             ||     7
Armor: Skin              ||     1
Dodge: Dodged            ||    23
